 Dungeon Crawl Stone Soup version 0.24-a0-378-g94936e539c (webtiles) character file.

Game seed: 17816228571363493683

177 D1HalberdGnoll the Bolt Thrower (level 5, -5/31 HPs)
             Began as a Kobold Arcane Marksman on June 1, 2019.
             Killed by nerve-wracking pain
             ... invoked by an orc priest
              (6 damage)
             ... on level 3 of the Dungeon.
             The game lasted 00:02:37 (2757 turns).

D1HalberdGnoll the Bolt Thrower (KoAM)              Turns: 2757, Time: 00:02:37

Health: -5/31      AC:  6    Str:  7    XL:     5   Next: 87%
Magic:  6/6        EV: 13    Int: 14    God:
Gold:   166        SH:  0    Dex: 17    Spells: 5/6 levels left

rFire    + . .     SeeInvis .   a - +0 hand crossbow
rCold    . . .     Gourm    .   (shield restricted)
rNeg     . . .     Faith    .   r - +0 ring mail {rF+}
rPois    .         Spirit   .   (no helmet)
rElec    .         Reflect  .   (no cloak)
rCorr    .         Harm     .   (no gloves)
MR       .....                  p - +0 pair of boots
Stlth    ++........             (no amulet)
HPRegen  0.10/turn              o - ring of wizardry
MPRegen  0.10/turn              (no ring)

@: no status effects
A: small, carnivore
a: no special abilities


You were on level 3 of the Dungeon.
You were not hungry.

You visited 1 branch of the dungeon, and saw 3 of its levels.

You collected 166 gold pieces.

Inventory:

Hand Weapons
 a - a +0 hand crossbow (weapon)
 b - a +0 short sword
Missiles
 d - 25 bolts (quivered)
Armour
 p - a +0 pair of boots (worn)
 r - a +0 ring mail of fire resistance (worn)
 t - a +0 pair of gloves
Jewellery
 e - a +3 ring of evasion {unknown}
 h - an uncursed ring of ice {unknown}
 i - an uncursed amulet of rage {unknown}
 n - an uncursed ring of magical power {unknown}
 o - a ring of wizardry (left hand)
 s - an uncursed ring of positive energy {unknown}
 v - a +3 ring of intelligence {unknown}
Scrolls
 c - a scroll of fog {unknown}
 g - 2 scrolls of teleportation {unknown}
 k - 2 scrolls of identify {unknown}
 l - 2 scrolls of remove curse {unknown}
 q - a scroll of enchant armour {unknown}
Potions
 j - a potion of magic {unknown}
 m - a potion of ambrosia {unknown}
 u - a potion of might {unknown}
Comestibles
 f - 9 rations


   Skills:
 + Level 2.7 Fighting
 * Level 4.6 Crossbows
 + Level 3.6 Dodging
 + Level 3.0 Stealth
 - Level 1.1 Spellcasting
 - Level 3.0 Hexes


You had 5 spell levels left.
You knew the following spells:

 Your Spells              Type           Power        Failure   Level  Hunger
a - Corona                Hex            #......      11%         1    ##.....

Your spell library contained the following spells:

 Spells                   Type           Power        Failure   Level  Hunger
 Slow                     Hex            #.......     16%         2    ###....
 Inner Flame              Hex/Fire       #.......     50%         3    ####...
 Portal Projectile        Hex/Tloc       #.....       50%         3    ####...
 Cause Fear               Hex            #.........   69%         4    #####..
 Leda's Liquefaction      Hex/Erth       #.........   86%         4    #####..


Dungeon Overview and Level Annotations

Branches:
Dungeon (3/15)

Altars:

Annotations:
D:3 1 runed translucent door, firegrace's ghost, weakling DrIE


Innate Abilities, Weirdness & Mutations

You are small and have problems with some larger weapons.
You are carnivorous and can eat meat at any time.


Message History

You are too injured to fight recklessly!
You are too injured to fight recklessly!
Firing (i - inventory)
d - 27 bolts (quivered)
Press: ? - help, Shift-Dir - straight line, f/p - orc priest
Aim: an orc priest, wielding a +0 flail and wearing a +0 chain mail (moderately wounded)
You shoot a bolt.
The bolt hits the orc priest but does no damage.
The orc priest is moderately wounded.
The orc priest mumbles some strange prayers to Beogh against you.
Pain shoots through your body!
* * * LOW HITPOINT WARNING * * *
Firing (i - inventory)
d - 26 bolts (quivered)
Press: ? - help, Shift-Dir - straight line, f/p - orc priest
Aim: an orc priest, wielding a +0 flail and wearing a +0 chain mail (moderately wounded)
You shoot a bolt.
The bolt hits the orc priest but does no damage.
The orc priest is moderately wounded.
The orc priest mumbles some strange prayers to Beogh against you.
Pain shoots through your body!
You die...

.##..##.##.#
..##.##.##.#...
...+.##.##.#...
..##.##.##.#..
W##..##.##.#..
##..###.##.#.### #..##
#.##.#.<.
...####....#.#########((#
#........#(..().@).o(..(#
.....###.##############.#
#......#... #....#.#####
..##.#.# ...#.#.#
...#.#.# .>.#.#..
...#.##.


You could see an orc priest.

Vanquished Creatures
  2 orc priests (D:3)
  Terence (D:2)
  3 adders
  A worm (D:2)
  3 dart slugs
  A leopard gecko (D:1)
  7 orcs (D:3)
  2 giant cockroaches
  4 goblins
  6 hobgoblins
  5 bats
  7 frilled lizards
  7 kobolds
  7 rats
56 creatures vanquished.

Notes
Turn   | Place    | Note
-------+----------+-------------------------------------------
     0 | D:1      | D1HalberdGnoll the Kobold Arcane Marksman began the quest
                  | for the Orb.
     0 | D:1      | Reached XP level 1. HP: 12/12 MP: 2/2
   210 | D:1      | Reached XP level 2. HP: 16/16 MP: 3/3
   269 | D:1      | Reached skill level 1 in Stealth
   323 | D:1      | Reached skill level 3 in Crossbows
   437 | D:1      | Reached XP level 3. HP: 20/20 MP: 4/4
  1336 | D:2      | Reached XP level 4. HP: 26/26 MP: 5/5
  1445 | D:2      | Noticed Terence
  1454 | D:2      | Killed Terence
  1919 | D:3      | Found a runed translucent door.
  1919 | D:3      | Noticed firegrace's ghost (weakling DrIE)
  1943 | D:3      | Reached skill level 4 in Crossbows
  1962 | D:3      | Reached XP level 5. HP: 8/31 MP: 6/6
  2756 | D:3      | HP: 1/31 [orc priest/nerve-wracking pain (7)]
  2757 | D:3      | Killed from afar by an orc priest

Levels and vault maps discovered:
D:1:      eino_arrival_cavern_b, layout_loops_ring, serial_rivers,
          chequers_serial_rivers_micro_c, chequers_serial_rivers_micro_b,
          chequers_serial_rivers_marsh, chequers_serial_rivers_marsh,
          chequers_serial_rivers_large_a, chequers_serial_rivers_room_b
D:2:      layout_loops_ring, first_ration, uniq_terence
D:3:      layout_basic, hellmonk_ghost_happy_afterlife

Skill      XL: |  1  2  3  4  5 |
---------------+----------------+-----
Stealth        | 1 2 3 |  3.0
Crossbows      | 3 4 |  4.6
Dodging        | 3 |  3.6
Fighting       | 2 |  2.7
Spellcasting   | |  1.1
Hexes          | |  3.0

Action                   |  1- 3 |  4- 6 || total
-------------------------+-------+-------++-------
Melee: Short sword       |       |    79 ||    79
 Fire: Hand crossbow     |    70 |    43 ||   113
  Use: Potion            |       |     1 ||     1
 Stab: Invisible         |       |     8 ||     8
       Sleeping          |       |     1 ||     1
  Eat: Chunk             |     2 |     5 ||     7
Armor: Robe              |     2 |       ||     2
       Ring mail         |       |    23 ||    23
Dodge: Dodged            |    17 |    59 ||    76

Table legend:
 A = Non-vault XP
 B = Vault XP
 C = Vault XP percentage of total XP
 D = Non-vault monster count
 E = Vault monster count
 F = Vault count percentage of total count
                 A         B        C        D         E       F
            +---------+---------+-------+---------+---------+-------
      Total |     215 |      38 |  15.0 |      55 |       1 |   1.8
            +---------+---------+-------+---------+---------+-------
        D:1 |      34 |       0 |   0.0 |      22 |       0 |   0.0
        D:2 |      45 |      38 |  45.8 |      16 |       1 |   5.9
        D:3 |     136 |       0 |   0.0 |      17 |       0 |   0.0
            +---------+---------+-------+---------+---------+-------
